 Dungeon Crawl Stone Soup version 0.23-a0-625-g1d2cd9b (webtiles) character file.

34 Lanoc the Sneak (level 3, -10/20 HPs)
             Began as a Kobold Enchanter on Dec 24, 2018.
             Mangled by an ogre
             ... wielding a +0 giant spiked club
              (30 damage)
             ... on level 2 of the Dungeon.
             The game lasted 00:03:05 (1332 turns).

Lanoc the Sneak (Kobold Enchanter)                  Turns: 1332, Time: 00:03:06

Health: -10/20     AC:  4    Str:  5    XL:     3   Next: 50%
Magic:  4/6        EV: 15    Int: 17    God:
Gold:   88         SH:  0    Dex: 15    Spells: 3/6 levels left

rFire    . . .     SeeInvis .   a - +1 dagger
rCold    . . .     Gourm    .   (shield restricted)
rNeg     . . .     Faith    .   b - +0 robe
rPois    .         Spirit   .   g - +1 helmet
rElec    .         Reflect  .   (no cloak)
rCorr    .         Harm     .   (no gloves)
MR       .....                  (no boots)
Stlth    +++.......             (no amulet)
HPRegen  0.06/turn              (no ring)
MPRegen  0.10/turn              (no ring)

@: no status effects
A: small, carnivore
a: no special abilities


You were on level 2 of the Dungeon.
You were not hungry.

You visited 1 branch of the dungeon, and saw 2 of its levels.

You collected 88 gold pieces.

Inventory:

Hand Weapons
 a - a +1 dagger (weapon)
Armour
 b - a +0 robe (worn)
 g - a +1 helmet (worn)
Scrolls
 c - a scroll of fog {unknown}
 e - a scroll of random uselessness {unknown}
 f - 3 scrolls of teleportation {unknown}
 i - a scroll of remove curse {unknown}
 j - a scroll of identify {unknown}
Potions
 h - 2 potions of resistance {unknown}
Comestibles
 d - 3 rations


   Skills:
 + Level 0.7 Fighting
 * Level 2.3 Short Blades
 + Level 2.6 Dodging
 * Level 4.5 Stealth
 + Level 2.3 Spellcasting
 * Level 3.3 Hexes


You had 3 spell levels left.
You knew the following spells:

 Your Spells              Type           Power        Failure   Level  Hunger
a - Corona                Hex            ##.....      4%          1    #......
b - Ensorcelled Hibernat  Hex/Ice        #.....       14%         2    ##.....

Your spell library contained the following spells:

 Spells                   Type           Power        Failure   Level  Hunger
 Confuse                  Hex            ##......     14%         3    ###....
 Tukima's Dance           Hex            ##......     14%         3    ###....
 Dazzling Spray           Conj/Hex       #.....       28%         3    ###....


Dungeon Overview and Level Annotations

Branches:
Dungeon (2/15)

Altars:


Innate Abilities, Weirdness & Mutations

You are small and have problems with some larger weapons.
You are carnivorous and can eat meat at any time.


Message History

You impale the kobold!!
You kill the kobold!
No target in view!
Found a scroll labeled NUNGATHIXO.
Things that are here:
a +0 dagger; a kobold corpse The kobold corpse isn't edible.
i - a scroll labeled NUNGATHIXO
j - a scroll labeled YMOTAB KA GAPU An ogre comes into view.
It is wielding a +0 giant spiked club.
The ogre shouts!
Casting: Ensorcelled Hibernation (safe; 14% risk of failure)
Confirm with . or Enter, or press ? or * to list all spells.
Aiming: Ensorcelled Hibernation (safe; 14% risk of failure)
Press: ? - help, Shift-Dir - straight line, f - ogre
Aim: an ogre, wielding a +0 giant spiked club (chance to defeat MR: 38%)
The ogre resists with some effort.
The ogre hits you with a +0 giant spiked club!!
Ouch! That really hurt!
You die...

# ##....# #. #.....#
#..###.....##
#..........#
####.......####
#..........#
.....##....#####.#
......#.#...# #.#
........#...# #@#
........#...# #.O#
..>....##)..#####...
.......#..........#.#
......<#..........#.#
.###
..................# #
##....
.......#........... ..
......
.......#..........##.##
#....
.......#..........#...#
##.#.#


You could see an ogre.

Vanquished Creatures
  A worm (D:2)
  A bat zombie (D:1)
  5 giant cockroaches
  5 goblins
  3 hobgoblins (D:1)
  2 jackals (D:1)
  3 bats (D:1)
  4 kobolds (D:2)
  A quokka zombie (D:1)
  3 rats (D:2)
28 creatures vanquished.

Notes
Turn   | Place    | Note
-------+----------+-------------------------------------------
     0 | D:1      | Lanoc the Kobold Enchanter began the quest for the Orb.
     0 | D:1      | Reached XP level 1. HP: 10/10 MP: 3/3
   255 | D:1      | Reached XP level 2. HP: 12/15 MP: 5/5
   342 | D:1      | Learned a level 2 spell: Ensorcelled Hibernation
   703 | D:1      | Reached XP level 3. HP: 17/20 MP: 6/6
  1330 | D:2      | Noticed an ogre
  1332 | D:2      | Mangled by an ogre

Vault maps used:
D:1:      saegor_arrival_fortress, hangedman_abyss_or_decor_lesser_grid

Skill      XL: |  1  2 |
---------------+-------+-----
Short Blades   | 2 |  2.3
Fighting       | |  0.7
Dodging        | |  2.6
Stealth        | |  4.5
Spellcasting   | |  2.3
Hexes          | |  3.3

Action                   || total
-------------------------++-------
Melee: Dagger            ||    86
 Cast: Ensorcelled Hiber ||     7
       Corona            ||     1
  Use: Potion            ||     1
 Stab: Sleeping          ||    16
  Eat: Chunk             ||     4
Armor: Robe              ||    13
Dodge: Dodged            ||    58

Table legend:
 A = Non-vault XP
 B = Vault XP
 C = Vault XP percentage of total XP
 D = Non-vault monster count
 E = Vault monster count
 F = Vault count percentage of total count
                 A         B        C        D         E       F
            +---------+---------+-------+---------+---------+-------
      Total |      46 |       3 |   6.1 |      26 |       2 |   7.1
            +---------+---------+-------+---------+---------+-------
        D:1 |      26 |       3 |  10.3 |      15 |       2 |  11.8
        D:2 |      20 |       0 |   0.0 |      11 |       0 |   0.0
            +---------+---------+-------+---------+---------+-------
